 Dungeon Sprint DCSS version 0.31-a0-1-g4198be8af4 (webtiles) character file.

Game seed: 8479527509218173159

37107 rocky1 the Metallomancer (level 13, 0/78 (84) HPs)
             Began as a Deep Elf Earth Elementalist on May 3, 2023.
             Was the Champion of Sif Muna.
             Slain by a shadow dragon (11 damage)
             ... in the Dungeon (Sprint VII: "The Pits").
             The game lasted 00:20:10 (4382 turns).

rocky1 the Metallomancer (DEEE)                     Turns: 4382, Time: 00:20:11

HP:   0/78 (84)     AC:  2    Str: 10    XL:     13   Next: 56%
MP:   10/41         EV: 14    Int: 37    God:    Sif Muna [******]
Gold: 30            SH:  0    Dex: 17    Spells: 14/56 levels left

rFire   + . .        p - +11 Singing Sword {sonic wave}
rCold   + . .        (no shield)
rNeg    . . .        a - +0 robe
rPois   +            (no helmet)
rElec   .            (no cloak)
rCorr   .            (no gloves)
SInv    .            (no boots)
Will    +++..        D - amulet of Undoing {RegenMP +Inv rC+ Str+3 Int+5}
Stlth   +++          J - ring of Kioq {Fly rPois Will++ Int+6 Dex+2}
HPRegen 0.33/turn    N - ring of the Prince {Wiz rF+ Str+2}
MPRegen 0.67/turn

%: no teleportation, wizardry (x1)
@: channelling, flying, slowed, studying Throwing, drained, very slow
A: no striking features
a: Renounce Religion, Evoke Invisibility, Channel Magic, Forget Spell, Divine
Exegesis


You were in the Dungeon.
You worshipped Sif Muna.
Sif Muna was exalted by your worship.
You visited 1 branch You collected 30 gold pieces.

Inventory:

Hand Weapons
 p - the +11 Singing Sword (weapon) {sonic wave}
   (You found it in the Dungeon)
Armour
 a - a +0 robe (worn)
Jewellery
 z - the ring "Vakiv" {rF+ rN+}
   (You found it in the Dungeon)

   [ring of positive energy]

   rF:        It protects you from fire.
   rN:        It protects you from negative energy.
 A - the ring of the Open Hand {rElec Str+3 Int+3 Dex+6}
   (You found it in the Dungeon)

   [ring of dexterity]

   Str:       It affects your strength (+3).
   Int:       It affects your intelligence (+3).
   Dex:       It affects your dexterity (+6).
   rElec:     It insulates you from electricity.
 D - the amulet of Undoing (around neck) {RegenMP +Inv rC+ Str+3 Int+5}
   (You found it in the Dungeon)

   [amulet of magic regeneration]

   It increases your rate of magic regeneration.
   Str:       It affects your strength (+3).
   Int:       It affects your intelligence (+5).
   rC:        It protects you from cold.
   +Inv:      It lets you turn invisible.
 J - the ring of Kioq (left hand) {Fly rPois Will++ Int+6 Dex+2}
   (You found it in the Dungeon)

   [ring of intelligence]

   Int:       It affects your intelligence (+6).
   Dex:       It affects your dexterity (+2).
   rPois:     It protects you from poison.
   Fly:       It grants you flight.
   Will:      It greatly increases your willpower.
 K - the ring "Kougue Isud" {rElec rPois Will+}
   (You found it in the Dungeon)

   [ring of poison resistance]

   rElec:     It insulates you from electricity.
   rPois:     It protects you from poison.
   Will:      It increases your willpower.
 N - the ring of the Prince (right hand) {Wiz rF+ Str+2}
   (You found it in the Dungeon)

   [ring of wizardry]

   It improves your spell success rate.
   Str:       It affects your strength (+2).
   rF:        It protects you from fire.
 O - the ring "Veogilam" {rF+ rN+ Dex+2}
   (You found it in the Dungeon)

   [ring of positive energy]

   Dex:       It affects your dexterity (+2).
   rF:        It protects you from fire.
   rN:        It protects you from negative energy.
 S - the ring "Kegrul" {rF+++ rN++ Will- Int+6 Dex-4}
   (You found it in the Dungeon)

   [ring of intelligence]

   Int:       It affects your intelligence (+6).
   Dex:       It affects your dexterity (-4).
   rF:        It renders you almost immune to fire.
   rN:        It greatly protects you from negative energy.
   Will:      It decreases your willpower.
Wands
 k - a wand of roots (2)
 u - a wand of charming (5)
Scrolls
 g - 2 scrolls of blinking
 i - 5 scrolls of amnesia
 j - a scroll of summoning
 v - 2 scrolls of enchant weapon
Potions
 b - 10 potions of magic
 c - 8 potions of curing
 d - 19 potions of heal wounds
 e - a potion of might
 f - 4 potions of berserk rage
 h - 2 potions of invisibility
 n - 2 potions of brilliance
 o - 4 potions of mutation
 r - a potion of resistance
 s - 7 potions of haste


   Skills:
 * Level 11.6 Fighting
 + Level 4.8 Dodging
 + Level 5.0 Stealth
 + Level 22.4 Spellcasting
 + Level 14.1 Conjurations
 + Level 1.7 Transmutations
 * Level 3.0 Fire Magic
 * Level 2.7 Air Magic
 + Level 25.1 Earth Magic
 + Level 14.0 Invocations


You had 14 spell levels left.
You knew the following spells:

 Your Spells              Type           Power      Damage    Failure   Level
a - Sandblast             Erth           100%       2d20      0%          1
b - Stone Arrow           Conj/Erth      100%       3d13      0%          3
c - Petrify               Tmut/Erth      96%        N/A       1%          4
d - Lee's Rapid Deconstr  Erth           61%        3d28*     0%          5
e - Iskenderun's Mystic   Conj/Tloc      76%        2d15      1%          4
f - Iron Shot             Conj/Erth      56%        9d11      1%          6
g - Lehudib's Crystal Sp  Conj/Erth      56%        10d13     1%          8
h - Blink                 Tloc           82%        N/A       1%          2
i - Shatter               Erth           61%        3d46*     1%          9

Your spell library contained the following spells:

 Spells                   Type           Power      Damage    Failure   Level
 Magic Dart               Conj           100%       1d8       0%          1
 Shock                    Conj/Air       100%       1d9       0%          1
 Passwall                 Tmut/Erth      80%        N/A       0%          2
 Searing Ray              Conj           100%       2d8       0%          2
 Apportation              Tloc           82%        N/A       1%          1
 Beastly Appendage        Tmut           100%       N/A       1%          1
 Freeze                   Ice            100%       1d10      1%          1
 Necrotise                Necr           100%       1d9       1%          1
 Slow                     Hex            100%       N/A       1%          1
 Summon Small Mammal      Summ           100%       N/A       1%          1
 Call Imp                 Summ           82%        N/A       1%          2
 Cigotuvi's Dreadful Rot  Necr/Pois/Air  96%        N/A       1%          2
 Lesser Beckoning         Tloc           82%        N/A       1%          2
 Momentum Strike          Conj/Tloc      100%       3d10      1%          2
 Poisonous Vapours        Pois/Air       100%       N/A       1%          2
 Static Discharge         Conj/Air       100%       2-7/arc   1%          2
 Sublimation of Blood     Necr           41%        N/A       1%          2
 Wereblood                Tmut           52%        N/A       1%          2
 Call Canine Familiar     Summ           41%        N/A       1%          3
 Dazzling Flash           Conj/Hex       100%       N/A       1%          3
 Gell's Gravitas          Tloc           41%        N/A       1%          3
 Hailstorm                Conj/Ice       76%        3d16      1%          3
 Ignite Poison            Fire/Tmut/Pois 52%        N/A       1%          3
 Inner Flame              Hex/Fire       52%        N/A       1%          3
 Mephitic Cloud           Conj/Pois/Air  70%        N/A       1%          3
 Ozocubu's Armour         Ice            41%        N/A       1%          3
 Portal Projectile        Hex/Tloc       82%        N/A       1%          3
 Spider Form              Tmut/Pois      47%        N/A       1%          3
 Summon Guardian Golem    Hex/Summ       41%        N/A       1%          3
 Teleport Other           Tloc           41%        N/A       1%          3
 Tukima's Dance           Hex            41%        N/A       1%          3
 Vampiric Draining        Necr           41%        2d8       1%          3
 Vhi's Electric Charge    Tloc/Air       100%       N/A       1%          3
 Volatile Blastmotes      Fire/Tloc      100%       2d18      1%          3
 Airstrike                Air            28%        2d(5-21)  1%          4
 Animate Armour           Summ/Erth      100%       N/A       1%          4
 Leda's Liquefaction      Hex/Erth       47%        N/A       1%          4
 Summon Lightning Spire   Summ/Air       51%        N/A       1%          4
 Arcjolt                  Conj/Air       40%        1d50      1%          5
 Borgnjor's Vile Clutch   Necr/Erth      47%        N/A       1%          5
 Freezing Cloud           Conj/Ice/Air   35%        6-21      1%          5
 Iskenderun's Battlesphe  Conj           98%        2d14      1%          5
 Statue Form              Tmut/Erth      64%        N/A       1%          6
 Orb of Destruction       Conj           49%        9d13      1%          7
 Anguish                  Hex/Necr       20%        N/A       2%          4
 Cause Fear               Hex            20%        N/A       2%          4
 Manifold Assault         Tloc           41%        N/A       2%          4
 Passage of Golubria      Tloc           41%        N/A       2%          4
 Summon Ice Beast         Ice/Summ       41%        N/A       2%          4
 Blade Hands              Tmut           26%        N/A       3%          5
 Silence                  Hex/Air        25%        N/A       4%          5
 Yara's Violent Unravell  Hex/Tmut       23%        3d10      4%          5
 Metabolic Englaciation   Hex/Ice        20%        N/A       7%          5
 Summon Mana Viper        Hex/Summ       41%        N/A       7%          5
 Plasma Beam              Fire/Air       29%        2x1d45    12%         6
 Spellforged Servitor     Conj/Summ      38%        N/A       12%         7
 Dispersal                Tloc           20%        N/A       34%         6
 Simulacrum               Ice/Necr       20%        N/A       34%         6
 Storm Form               Tmut/Air       27%        N/A       61%         7
 Enfeeble                 Hex            20%        N/A       87%         7
 Haunt                    Necr/Summ      20%        N/A       87%         7
 Malign Gateway           Summ/Tloc      20%        N/A       87%         7
 Ozocubu's Refrigeration  Ice            20%        4d12      87%         7
 Chain Lightning          Conj/Air       40%        3d54      99%         9
 Fire Storm               Conj/Fire      40%        8d10      99%         9
 Summon Horrible Things   Summ           20%        N/A       100%        8
 Polar Vortex             Ice            20%        N/A       100%        9


Dungeon Overview and Level Annotations

Branches:
Dungeon (1/1)

Altars:
Ashenzari
Cheibriados
Dithmenos
Elyvilon
Fedhas
Gozag
Hepliaklqana
Kikubaaqudgha
Makhleb
Nemelex Xobeh
Okawaru
Qazlal
Ru
Sif Muna
Trog
Uskayaw
Vehumet
Wu Jian
Xom
Yredelemnul
Zin
The Shining One
Jiyva
Lugonu


Message History

You kill the spriggan rider!
Sif Muna accepts your kill.
You kill the hornet!
Sif Muna accepts your kill.
The shadow dragon is heavily wounded.
Ka-crash!
The freezing wraith closely misses you. The freezing wraith hits you!
The freezing wraith drains your vigour!
You feel yourself slow down.
The shadow dragon breathes negative energy at you.
The bolt of negative energy hits the freezing wraith.
The freezing wraith completely resists.
The bolt of negative energy misses you.
Unknown command.
Casting: Shatter (dangerous; 1% risk of failure)
Confirm with . or Enter, or press ? or * to list all spells.
The dungeon rumbles!
You destroy the freezing wraith!
Sif Muna accepts your kill.
You see here Sif Muna's Compilation of Conjuration and Transformation {god gift}.
Sif Muna grants you a gift!
The shadow dragon is heavily wounded.
Ka-crash!
You hear a shout! x2
Your Fire Magic skill increases to level 3!
Your Invocations skill increases to level 14!
Unknown command.
Aiming: Iron Shot (safe; 1% risk of failure)
Press: ? - help, Q - select action, (/) - cycle Shift-Dir - straight line, f - shadow dragon
Aim: a shadow dragon (heavily wounded, 79% to hit)
The iron shot hits the shadow dragon!!
The shadow dragon is severely wounded.
The shadow dragon breathes negative energy at you.
The bolt of negative energy hits you!!
You feel drained. The shadow dragon bites you!
You feel drained. The shadow dragon barely misses you.
The shadow dragon completely misses you.
The shadow dragon bites you!
* * * LOW HITPOINT WARNING * * *
The shadow dragon claws you!
* * * LOW HITPOINT WARNING * * *
The shadow dragon claws you!
You die...

#..#....#..#
...........#
+..........#
#..#....#..#
#..........+
#..........+
###..####''#
#.##..#..#''#########
#..@...##...........
#..D#..##.....[)....
#..). .##..#########
#.....# ##..#
#....|:. #..#
#++###########..|/..
#..#
........##..##..#.#.
#..# .#......##..##..
....#..#
........''..# #..#


You could see a shadow dragon.

Vanquished Creatures
  3 liches (D)
  A deep elf master archer (D)
  Polyphemus (D)
  4 sphinxes (D)
  A fire giant (D)
  An emperor scorpion (D)
  2 deep elf sorcerers (D)
  3 deep elf demonologists (D)
  A lorocyproca (D)
  A white draconian (D)
  A deep elf annihilator (D)
  An eidolon (D)
  A blizzard demon (D)
  2 deep elf high priests (D)
  A great orb of eyes (D)
  2 hydras (D)
  3 ogre magi (D)
  A merfolk avatar (D)
  A vampire mage (D)
  3 spriggans (D)
  A sea snake (D)
  2 bog bodies (D)
  A deep troll (D)
  An ugly thing (D)
  A wolf spider (D)
  A guardian serpent (D)
  2 cane toads (D)
  2 molten gargoyles (D)
  A freezing wraith (D)
  2 komodo dragons (D)
  A red devil (D)
  2 polar bears (D)
  A wandering mushroom (D)
  A troll (D)
  A hellwing (D)
  A tarantella (D)
  4 hornets (D)
  3 blink frogs (D)
  A ynoxinul (D)
  A shadow (D)
  A wraith (D)
  A wyvern (D)
  2 redbacks (D)
  A basilisk (D)
  A floating eye (D)
  2 water moccasins (D)
  An orc warrior (D)
  2 black bears (D)
  An ogre (D)
  A phantom (D)
  A necrophage (D)
  2 gnoll sergeants (D)
  A bullfrog (D)
  2 wights (D)
  2 crimson imps (D)
  A quasit (D)
  2 orc priests (D)
  2 iron imps (D)
  An iguana (D)
  3 orc wizards (D)
  10 gnolls (D)
  An adder (D)
  An ufetubus (D)
  A worm (D)
  6 orcs (D)
  A bat zombie (D)
  An endoplasm (D)
  3 giant cockroaches (D)
  A goblin (D)
  2 hobgoblins (D)
  6 jackals (D)
  2 kobolds (D)
  A ball python simulacrum (D)
  A bat simulacrum (D)
  A frilled lizard (D)
132 creatures vanquished.

Notes
Turn   | Place    | Note
-------+----------+-------------------------------------------
     0 | D        | rocky1 the Deep Elf Earth Elementalist began the quest for
                  | the Orb.
     0 | D        | Reached XP level 1. HP: 10/10 MP: 6/6
    18 | D        | Found a bloodstained altar of Trog.
    18 | D        | Found a shimmering blue altar of Sif Muna.
    18 | D        | Found a viscous altar of Jiyva.
    18 | D        | Found a hazy altar of Hepliaklqana.
    18 | D        | Found an opulent altar of Gozag.
    19 | D        | Found a glowing golden altar of the Shining One.
    19 | D        | Found a glowing silver altar of Zin.
    19 | D        | Found a basalt altar of Yredelemnul.
    19 | D        | Found a shimmering altar of Xom.
    19 | D        | Found an ornate altar of the Wu Jian Council.
    19 | D        | Found a sacrificial altar of Ru.
    19 | D        | Found a stormy altar of Qazlal.
    19 | D        | Found an iron altar of Okawaru.
    19 | D        | Found a sparkling altar of Nemelex Xobeh.
    19 | D        | Found a burning altar of Makhleb.
    19 | D        | Found a blossoming altar of Fedhas.
    19 | D        | Found a white marble altar of Elyvilon.
    19 | D        | Found a shadowy altar of Dithmenos.
    19 | D        | Found a snail-covered altar of Cheibriados.
    21 | D        | Found a radiant altar of Vehumet.
    21 | D        | Found a corrupted altar of Lugonu.
    22 | D        | Found a hide-covered altar of Uskayaw.
    22 | D        | Found an ancient bone altar of Kikubaaqudgha.
    22 | D        | Found a broken altar of Ashenzari.
    24 | D        | Became a worshipper of Sif Muna the Loreminder
    59 | D        | Reached skill level 4 in Earth Magic
    60 | D        | Reached skill level 1 in Conjurations
    60 | D        | Reached XP level 2. HP: 4/15 MP: 3/8
   116 | D        | Reached * piety under Sif Muna
   117 | D        | Reached skill level 5 in Earth Magic
   117 | D        | Reached skill level 1 in Invocations
   122 | D        | Reached ** piety under Sif Muna
   123 | D        | Reached skill level 1 in Fighting
   303 | D        | Noticed a floating eye
   306 | D        | Reached *** piety under Sif Muna
   306 | D        | Paralysed by a floating eye for 4 turns
   307 | D        | Reached skill level 6 in Earth Magic
   307 | D        | Reached XP level 3. HP: 20/20 MP: 4/11
   311 | D        | Killed a floating eye
   312 | D        | Reached skill level 8 in Earth Magic
   312 | D        | Reached XP level 4. HP: 27/27 MP: 3/14
   312 | D        | Reached XP level 5. HP: 31/31 MP: 3/15
   602 | D        | Learned a level 3 spell: Stone Arrow
   644 | D        | Noticed an ogre
   650 | D        | Noticed a black bear
   651 | D        | Reached **** piety under Sif Muna
   652 | D        | Reached skill level 9 in Earth Magic
   655 | D        | Reached XP level 6. HP: 34/37 MP: 11/18
   657 | D        | Reached ***** piety under Sif Muna
   658 | D        | Reached skill level 10 in Earth Magic
   658 | D        | Received a gift from Sif Muna
   659 | D        | Got Sif Muna's Almanac of Amathomancy and Concussion {god
                  | gift}
   754 | D        | Reached skill level 5 in Conjurations
   754 | D        | Reached skill level 11 in Earth Magic
   759 | D        | Learned a level 4 spell: Petrify
   765 | D        | Learned a level 5 spell: Lee's Rapid Deconstruction
   774 | D        | Reached skill level 5 in Invocations
   774 | D        | Reached XP level 7. HP: 43/43 MP: 18/21
  1077 | D        | Received a gift from Sif Muna
  1078 | D        | Reached skill level 12 in Earth Magic
  1344 | D        | Got Sif Muna's Encyclopedia of the Singularity {god gift}
  1353 | D        | Noticed a hornet
  1358 | D        | Killed a hornet
  1359 | D        | Reached skill level 10 in Spellcasting
  1359 | D        | Reached skill level 13 in Earth Magic
  1359 | D        | Reached XP level 8. HP: 48/48 MP: 16/24
  1624 | D        | Found the +11 Singing Sword {sonic wave}
  1817 | D        | Learned a level 4 spell: Iskenderun's Mystic Blast
  1828 | D        | Noticed a blink frog
  1828 | D        | Noticed a blink frog
  1828 | D        | Noticed a blink frog
  1830 | D        | Killed a blink frog
  1831 | D        | Reached skill level 5 in Fighting
  1832 | D        | Killed a blink frog
  1834 | D        | Killed a blink frog
  1834 | D        | Received a gift from Sif Muna
  1835 | D        | Reached skill level 14 in Earth Magic
  1916 | D        | Got Sif Muna's Cyclopedia of the Vexing Salvo {god gift}
  1936 | D        | Noticed a cane toad
  1943 | D        | Killed a cane toad
  1944 | D        | Reached skill level 15 in Earth Magic
  1944 | D        | Reached XP level 9. HP: 24/55 MP: 10/27
  2012 | D        | Noticed a merfolk avatar
  2012 | D        | Noticed a bog body
  2016 | D        | Killed a merfolk avatar
  2018 | D        | Reached skill level 16 in Earth Magic
  2018 | D        | Received a gift from Sif Muna
  2020 | D        | Got Cana Afu's Quarto of Lethal Enchantment {god gift}
  2023 | D        | Killed a bog body
  2026 | D        | Noticed a polar bear
  2029 | D        | Killed a polar bear
  2030 | D        | Received a gift from Sif Muna
  2031 | D        | Got Sif Muna's Catalogue of Malignant Acts and Assembling
                  | {god gift}
  2116 | D        | Got the ring "Eshrog" {*Corrode rPois Int+3 Dex+3 Stlth+}
  2160 | D        | Noticed a spriggan rider
  2160 | D        | Noticed a molten gargoyle
  2164 | D        | Killed a molten gargoyle
  2164 | D        | Reached ****** piety under Sif Muna
  2165 | D        | Reached skill level 17 in Earth Magic
  2165 | D        | Reached XP level 10. HP: 58/63 MP: 13/30
  2165 | D        | Killed a spriggan rider
  2275 | D        | Received a gift from Sif Muna
  2276 | D        | Reached skill level 18 in Earth Magic
  2276 | D        | Got Sif Muna's Precepts of Supportive Translocation {god
                  | gift}
  2285 | D        | Noticed an emperor scorpion
  2526 | D        | Noticed a molten gargoyle
  2526 | D        | Noticed a four-headed hydra
  2526 | D        | Noticed a four-headed hydra
  2527 | D        | Noticed a bog body
  2527 | D        | Received a gift from Sif Muna
  2527 | D        | Killed a bog body
  2528 | D        | Reached skill level 15 in Spellcasting
  2528 | D        | Killed a molten gargoyle
  2528 | D        | Received a gift from Sif Muna
  2529 | D        | Got Sif Muna's Directory of the Caves {god gift}
  2531 | D        | Killed a four-headed hydra
  2532 | D        | Reached skill level 10 in Conjurations
  2532 | D        | Reached skill level 19 in Earth Magic
  2532 | D        | Killed a four-headed hydra
  2533 | D        | Reached skill level 10 in Invocations
  2533 | D        | Reached XP level 11. HP: 57/68 MP: 7/33
  2609 | D        | Got the Opusculum on Crystalline Black Magic
  2710 | D        | Learned a level 6 spell: Iron Shot
  2725 | D        | Killed an emperor scorpion
  2948 | D        | Noticed a sea snake
  2951 | D        | Killed a sea snake
  2951 | D        | Received a gift from Sif Muna
  2952 | D        | Got Sif Muna's Quarto of Gusty Allies {god gift}
  3027 | D        | Noticed a green ugly thing
  3031 | D        | Killed a green ugly thing
  3032 | D        | Reached skill level 20 in Earth Magic
  3116 | D        | Noticed a deep troll
  3119 | D        | Noticed a spriggan rider
  3124 | D        | Killed a spriggan rider
  3124 | D        | Received a gift from Sif Muna
  3125 | D        | Reached skill level 5 in Stealth
  3125 | D        | Killed a deep troll
  3128 | D        | Got Sif Muna's Collected Works on the Chill and Obstruction
                  | {god gift}
  3666 | D        | Noticed a deep elf demonologist
  3666 | D        | Noticed an eidolon
  3669 | D        | Noticed a balrug
  3669 | D        | Killed a deep elf demonologist
  3670 | D        | Reached skill level 21 in Earth Magic
  3670 | D        | Killed an eidolon
  3672 | D        | Noticed an ogre mage
  3675 | D        | Killed an ogre mage
  3675 | D        | Received a gift from Sif Muna
  3675 | D        | Noticed an ogre mage
  3677 | D        | Killed an ogre mage
  3677 | D        | Noticed a lich
  3677 | D        | Noticed a deep elf sorcerer
  3678 | D        | Reached XP level 12. HP: 76/76 MP: 27/36
  3679 | D        | Killed a deep elf sorcerer
  3679 | D        | Noticed a vampire mage
  3680 | D        | Killed a vampire mage
  3680 | D        | Noticed a sphinx
  3681 | D        | Killed a lich
  3682 | D        | Reached skill level 22 in Earth Magic
  3682 | D        | Killed a sphinx
  3682 | D        | Noticed an ogre mage
  3683 | D        | Reached skill level 10 in Fighting
  3683 | D        | Killed an ogre mage
  3683 | D        | Noticed a sphinx
  3684 | D        | Noticed a lich
  3685 | D        | Noticed a sphinx
  3686 | D        | Killed a sphinx
  3688 | D        | Killed a lich
  3688 | D        | Received a gift from Sif Muna
  3688 | D        | Killed a sphinx
  3688 | D        | Noticed a white draconian
  3689 | D        | Reached skill level 23 in Earth Magic
  3690 | D        | Killed a deep elf demonologist
  3690 | D        | Noticed a deep elf high priest
  3691 | D        | Killed a white draconian
  3694 | D        | Killed a deep elf high priest
  3695 | D        | Got Sif Muna's Tractate on Lithomancy and Displacement {god
                  | gift}
  3696 | D        | Noticed a deep elf demonologist
  3698 | D        | Killed a deep elf demonologist
  3904 | D        | Noticed a sphinx
  3907 | D        | Killed a sphinx
  3907 | D        | Received a gift from Sif Muna
  3907 | D        | Noticed a deep elf master archer
  3908 | D        | Reached XP level 13. HP: 83/83 MP: 28/39
  3909 | D        | Killed a deep elf master archer
  3910 | D        | Reached skill level 24 in Earth Magic
  3912 | D        | Killed a lorocyproca
  3916 | D        | Got Sif Muna's Treatise on the Puissant Caves {god gift}
  3983 | D        | Noticed a deep elf annihilator
  3987 | D        | Killed a deep elf annihilator
  3990 | D        | Noticed a lich
  4001 | D        | Killed a lich
  4009 | D        | Noticed a fire giant
  4011 | D        | Killed a fire giant
  4019 | D        | Noticed a deep elf sorcerer
  4021 | D        | Killed a deep elf sorcerer
  4021 | D        | Received a gift from Sif Muna
  4022 | D        | Got Sif Muna's Atlas of the Chilly Quarry {god gift}
  4100 | D        | Got Sif Muna's Catalogue of Glaciation
  4112 | D        | Got the Folio of the Dozen Ships
  4129 | D        | Got the Quarto of Conjuration
  4136 | D        | Got the Elucidation of Elsewhere
  4145 | D        | Got Joloust's Parchment of Hiemal Pollution
  4175 | D        | Got the amulet of Siucaoff {RegenMP Will+ rCorr Str+6
                  | Int-5}
  4177 | D        | Got the ring "Anovel" {rF- rC+ Int+6 Dex+5 Stlth-}
  4179 | D        | Got the amulet "Zingonuc" {rC- Regen+ Str+8}
  4181 | D        | Got the ring "Pywuy" {rN++ Slay+5}
  4184 | D        | Got the amulet "Lamerphu" {Faith Dex+2 Stlth+}
  4186 | D        | Got the ring "Esus Sef" {rPois Str+2 Int+7 Dex-2 SInv}
  4188 | D        | Got the amulet "Icep" {RegenMP -Tele Int+2 Dex+3 SInv}
  4190 | D        | Got the ring "Vakiv" {rF+ rN+}
  4192 | D        | Got the ring of the Open Hand {rElec Str+3 Int+3 Dex+6}
  4194 | D        | Got the amulet of Vehumet's Pride {Spirit rElec Slay+3}
  4197 | D        | Got the ring of the Crown {rElec Str-2 Dex+4 Slay+5}
  4199 | D        | Got the amulet of Undoing {RegenMP +Inv rC+ Str+3 Int+5}
  4202 | D        | Got the amulet "Juehehaph" {rPois Regen+}
  4204 | D        | Got the ring of Selyugin {Ice rPois Str+3}
  4223 | D        | Got the ring of Xulybask {Will+ Dex+6 SInv}
  4225 | D        | Got the ring "Ferisoumn" {rPois Will+ Int+4 Dex+6}
  4227 | D        | Got the ring of the Firefly {rC+ Int+3}
  4229 | D        | Got the ring of Kioq {Fly rPois Will++ Int+6 Dex+2}
  4231 | D        | Got the ring "Kougue Isud" {rElec rPois Will+}
  4234 | D        | Got the ring of Uwajisai {rC+ Will+}
  4236 | D        | Got the ring "Xuuf Ysi" {Drain rPois Str+3 Int+3}
  4238 | D        | Got the ring of the Prince {Wiz rF+ Str+2}
  4240 | D        | Got the ring "Veogilam" {rF+ rN+ Dex+2}
  4242 | D        | Got the ring of Midwinter {rPois Slay+5}
  4244 | D        | Got the ring "Kaolem" {+Blink rF+}
  4247 | D        | Got the ring "Guipseil" {rElec Str+6}
  4249 | D        | Got the ring "Kegrul" {rF+++ rN++ Will- Int+6 Dex-4}
  4251 | D        | Got the ring "Beqitifu" {rN+++ Will+ MP-9 Str-5 Slay+5}
  4353 | D        | Learned a level 8 spell: Lehudib's Crystal Spear
  4356 | D        | Learned a level 2 spell: Blink
  4366 | D        | Learned a level 9 spell: Shatter
  4375 | D        | Noticed Polyphemus
  4375 | D        | Noticed a blizzard demon
  4375 | D        | Noticed a shadow dragon
  4376 | D        | Killed a blizzard demon
  4377 | D        | Reached skill level 1 in Fire Magic
  4377 | D        | Reached skill level 1 in Air Magic
  4378 | D        | Killed Polyphemus
  4379 | D        | Reached skill level 25 in Earth Magic
  4380 | D        | Received a gift from Sif Muna
  4382 | D        | Slain by a shadow dragon

Illustrated notes

Levels and vault maps discovered:
D:        pitsprint [storerooms_1, entrance_room_1, metal_vault_1, armoury_2,
          mini_pit_1, grid_room_1, main_hall_1, silver_pit, the_coven_1,
          the_vestibule_1, steel_vault_3, golden_pit, hallway_of_sentries,
          crystal_vault_2, iron_vault_4, final_vault]

Skill      XL: |  1  2  3  4  5  6  7  8  9 10 11 12 13 |
---------------+----------------------------------------+-----
Earth Magic    | 4 6 8 9 11 13 15 17 19 21 23 25 | 25.1
Conjurations   | 1 2 3 4 5 6 7 8 10 11 13 14 | 14.1
Invocations    | 2 3 4 5 6 7 8 10 11 13 14 | 14.0
Fighting       | 1 2 3 4 6 7 8 9 10 11 | 11.6
Dodging        | 3 4 |  4.8
Spellcasting   | 4 6 7 8 10 12 14 16 18 20 22 | 22.4
Stealth        | 3 4 5 |  5.0
Fire Magic     | 3 |  3.0
Air Magic      | 2 |  2.7
Transmutations | |  1.7

Action                     |  1- 3 |  4- 6 |  7- 9 | 10-12 | 13-15 || total
---------------------------+-------+-------+-------+-------+-------++-------
   Cast: Sandblast         |    20 |    17 |     2 |       |       ||    39
         Stone Arrow       |       |       |    10 |    10 |       ||    20
         Lee's Rapid Decon |       |       |    18 |    34 |    19 ||    71
         Chain Lightning   |       |       |       |     1 |       ||     1
         Iron Shot         |       |       |       |    24 |     1 ||    25
         Petrify           |       |       |       |     1 |       ||     1
         Shatter           |       |       |       |       |     3 ||     3
 Invoke: Channel Magic     |       |       |     1 |     7 |     3 ||    11
         Divine Exegesis   |       |       |       |     1 |       ||     1
    Use: Potion            |       |       |     1 |     1 |     1 ||     3
         Scroll            |       |       |       |     1 |       ||     1
 Armour: Robe              |     3 |     1 |       |     1 |       ||     5
  Dodge: Dodged            |    10 |     6 |     3 |     6 |     4 ||    29

Table legend: (Time is in decaauts)
 A = Elapsed time spent in this place.
 B = Non-inter-level travel time spent in this place.
 C = Inter-level travel time spent in this place.
 D = Time resting spent in this place.
 E = Time spent auto-exploring this place.
 F = Levels seen in this place.
 G = Mean time per level.
                   A        B        C        D        E       F      G
               +--------+--------+--------+--------+--------+-----+--------+
         Total |   4405 |   4342 |     63 |   3134 |      0 |   1 | 4405.0 |
       Dungeon |   4405 |   4342 |     63 |   3134 |      0 |   1 | 4405.0 |
               +--------+--------+--------+--------+--------+-----+--------+

Top non-repeatable levels by time:
       D: 4405 daAuts
